 Dungeon Crawl Stone Soup version 0.24.0-123-gd5b16e6ec5 (webtiles) character file.

Game seed: 8000574515466843000, levelgen mode: deterministic

1161 mopl the Insei (level 8, 0/46 HPs)
             Began as a Vine Stalker Transmuter on Dec 19, 2019.
             Was a Follower of Cheibriados.
             Slain by a killer bee (5 damage)
             ... on level 7 of the Dungeon.
             The game lasted 00:17:03 (3452 turns).

mopl the Insei (Vine Stalker Transmuter)            Turns: 3452, Time: 00:17:05

Health: 0/46       AC:  6    Str: 14 (16) XL:     8   Next: 39%
Magic:  0/15       EV: 10    Int: 20 (23) God:    Cheibriados [*.....]
Gold:   236        SH:  0    Dex: 15 (18) Spells: 1/15 levels left

rFire    . . .     SeeInvis .     - Unarmed
rCold    + + +     Gourm    .   (shield currently unavailable)
rNeg     . . .     Faith    .   (armour currently unavailable)
rPois    +         Spirit   +   (helmet currently unavailable)
rElec    .         Reflect  .   (cloak currently unavailable)
rCorr    .         Harm     .   (gloves currently unavailable)
MR       +....                  (boots currently unavailable)
Stlth    +.........             (no amulet)
HPRegen  0.55/turn              h - ring of protection from fire
MPRegen  0.14/turn              (no ring)

@: brilliant, ice-form, very slightly contaminated, hasted, quick
A: large, regeneration 1, magic shield, no potion heal 3, rot immunity
a: End Transformation, Bend Time, Renounce Religion


You were on level 7 of the Dungeon.
You worshipped Cheibriados.
Cheibriados was aware of your devotion.
You were hungry.
You were a creature of crystalline ice.
You visited 2 branches of the dungeon, and saw 8 of its levels.

You collected 236 gold pieces.

Inventory:

Missiles
 a - 116 arrows
 n - 13 boomerangs (quivered)
 p - 7 poisoned darts
 y - a throwing net
Armour
 b - a +0 robe (melded)
 m - a +1 cloak (melded)
 r - a +0 helmet (melded)
 x - a +0 ring mail
Jewellery
 h - a ring of protection from fire (left front paw)
Wands
 q - a wand of clouds (7)
Scrolls
 e - 2 scrolls of blinking
 f - a scroll of magic mapping {unknown}
 g - a scroll of amnesia
 i - 4 scrolls of remove curse
 k - a scroll of enchant weapon {unknown}
 t - a scroll of fear {unknown}
 w - a scroll of enchant armour {unknown}
Potions
 c - a potion of ambrosia
 j - a potion of resistance
 l - 2 potions of curing
 o - a potion of invisibility
 s - a potion of cancellation
Comestibles
 d - 14 rations


   Skills:
 + Level 2.9 Fighting
 + Level 1.6 Dodging
 * Level 6.0 Unarmed Combat
 + Level 4.4 Spellcasting
 + Level 4.4 Transmutations
 + Level 2.8 Ice Magic
 - Level 2.0 Poison Magic
 + Level 2.5 Invocations


You had one spell level left.
You knew the following spells:

 Your Spells              Type           Power        Failure   Level  Hunger
b - Spider Form           Tmut/Pois      ####......   1%          3    ###....
c - Blade Hands           Tmut           ####......   7%          5    ######.
d - Ice Form              Ice/Tmut       ####....     3%          4    ####...
w - Sticks to Snakes      Tmut           ####....     1%          2    #......

Your spell library contained the following spells:

 Spells                   Type           Power        Failure   Level  Hunger
 Beastly Appendage        Tmut           ####..       1%          1    None
 Leda's Liquefaction      Hex/Erth       ###.......   13%         4    ####...
 Bolt of Magma            Conj/Fire/Erth ###.......   32%         5    ######.
 Statue Form              Tmut/Erth      ####.....    54%         6    #######
 Iron Shot                Conj/Erth      ###.......   80%         6    #######
 Shatter                  Erth           ###.......   100%        9    #######


Dungeon Overview and Level Annotations

Branches:
Dungeon (7/15)             Temple (1/1) D:4

Altars:
Ashenzari
Cheibriados
Dithmenos
Elyvilon
Fedhas
Hepliaklqana
Nemelex Xobeh
Okawaru
Sif Muna
Trog
Xom

Annotations:
D:4 3 runed translucent doors, mavignon's ghost, novice GrGl


Innate Abilities, Weirdness & Mutations

((You have razor-sharp teeth.))
Your natural rate of healing is unusually fast.
When hurt, damage is shared between your health and your magic reserves.
((Your bite disrupts and absorbs the magic of your enemies.))
Potions cannot restore your health.
You are immune to rotting.


Message History

As you read the scroll labeled ORGHYQ DETATYUD, it crumbles to dust.
It is a scroll of amnesia.
Forget Beastly Appendage, freeing 1 spell level for a total of 1?
Your memory of Beastly Appendage unravels.
It was a potion of brilliance.
You feel clever all of a sudden. The killer bee closely misses you.
The sky beast flickers out of sight!
Deactivating autopickup; reactivate with Ctrl-A.
It was a potion of haste.
You feel yourself speed up.
Cheibriados forgives your accidental hurry, just this once.
The killer bee barely misses you.
The killer bee stings you but does no damage. x2
The adder closely misses you.
It was a potion of degeneration.
There was something very wrong with that liquid.
You feel weakened.
You feel dopey.
You feel clumsy. The killer bee stings you.
* * * LOW HITPOINT WARNING * * *
The killer bee barely misses you. The killer bee stings you.
You die...

#≈(≈.≈#.##...#
#≈≈.≈≈#.##+####
########........
#......<.##.....
#.######## ....
.... .## ..[..
######
......#....#
......SYy..#
.....##yyy.# ...
#y...# . #....#
#....# #..>.#
#...## #..%#
#.(.y..#....###


You could see 5 killer bees and an adder.

Vanquished Creatures
  A spriggan (D:6)
  An ice beast (D:6)
  A phantom (D:5)
  2 ogres
  A howler monkey (D:6)
  2 crimson imps
  3 bullfrog zombies
  A hound (D:4)
  Ijyb (D:3)
  2 orc wizards (D:5)
  2 worker ants
  A killer bee zombie (D:6)
  A hound skeleton (D:5)
  Robin (D:3)
  A howler monkey zombie (D:6)
  7 gnolls
  6 adders
  2 shadow imps
  A worm (D:3)
  2 dart slugs (D:1)
  4 leopard geckos
  12 orcs
  6 bats
  4 giant cockroaches
  14 goblins
  8 hobgoblins
  3 jackals (D:1)
  4 kobolds
  8 frilled lizards
  5 rats (D:1)
107 creatures vanquished.

Notes
Turn   | Place    | Note
-------+----------+-------------------------------------------
     0 | D:1      | mopl the Vine Stalker Transmuter began the quest for the
                  | Orb.
     0 | D:1      | Reached XP level 1. HP: 9/9 MP: 4/4
    40 | D:1      | Reached XP level 2. HP: 14/14 MP: 3/6
    44 | D:1      | Learned a level 2 spell: Sticks to Snakes
   213 | D:1      | Reached XP level 3. HP: 13/17 MP: 6/8
   218 | D:1      | Learned a level 3 spell: Spider Form
   833 | D:3      | Reached skill level 1 in Poison Magic
   833 | D:3      | Gained mutation: Your natural rate of healing is unusually
                  | fast. [Vine Stalker growth]
   833 | D:3      | Reached XP level 4. HP: 18/21 MP: 6/9
  1063 | D:3      | Noticed Ijyb
  1071 | D:3      | Killed Ijyb
  1225 | D:3      | Noticed Robin
  1226 | D:3      | Reached XP level 5. HP: 25/25 MP: 6/10
  1236 | D:3      | Reached skill level 1 in Fighting
  1253 | D:3      | Killed Robin
  1253 | D:3      | Reached skill level 4 in Unarmed Combat
  1365 | D:4      | Learned a level 4 spell: Ice Form
  1371 | D:4      | Noticed an ogre
  1380 | D:4      | Killed an ogre
  1406 | D:4      | Reached XP level 6. HP: 28/30 MP: 10/12
  1454 | D:4      | Noticed mavignon's ghost (novice GrGl)
  1632 | D:4      | Found a runed translucent gate.
  1632 | D:4      | Found a runed translucent gate.
  1632 | D:4      | Found a runed translucent gate.
  1746 | D:4      | Reached skill level 1 in Ice Magic
  1812 | D:4      | Found a staircase to the Ecumenical Temple.
  1899 | Temple   | Entered the Ecumenical Temple
  1933 | Temple   | Became a worshipper of Cheibriados the Contemplative
  2073 | D:5      | Entered Level 5 of the Dungeon
  2307 | D:5      | Reached skill level 1 in Invocations
  2307 | D:5      | Reached XP level 7. HP: 35/35 MP: 13/13
  2365 | D:5      | Reached skill level 5 in Unarmed Combat
  2505 | D:5      | Reached * piety under Cheibriados
  2827 | D:7      | Noticed a spriggan baker
  2837 | D:6      | HP: 1/35 [spriggan baker/cursed +0 dagger (7)]
  2841 | D:6      | Killed a spriggan baker
  2841 | D:6      | Gained mutation: You have razor-sharp teeth. [Vine Stalker
                  | growth]
  2841 | D:6      | Reached XP level 8. HP: 3/39 MP: 1/15
  3032 | D:6      | Reached skill level 6 in Unarmed Combat
  3058 | D:6      | Learned a level 5 spell: Blade Hands
  3105 | D:6      | Found an iron altar of Okawaru.
  3452 | D:7      | Slain by a killer bee

Levels and vault maps discovered:
D:1:      psy_arrival_dodecagon, layout_rooms, serial_forest,
          infiniplex_forest_clump_double, infiniplex_forest_clump_cross,
          infiniplex_forest_lined_1, infiniplex_forest_lined_2,
          infiniplex_forest_clump_diagonal, infiniplex_forest_end_2
D:2:      layout_rooms
D:3:      layout_basic, chequers_ecumenical_altar_twisty, first_ration,
          uniq_robin, uniq_ijyb
D:4:      layout_basic, minmay_temple_entry_tees, gammafunk_ghost_icy,
          minmay_goblin_outpost
D:5:      layout_layer_cave
D:6:      layout_gridville, okawaru_trees_1
D:7:      layout_gridville, zin_angel, the_bakery, kennysheep_generic_room_13
Temple:   eino_temple_rhombus

Skill      XL: |  1  2  3  4  5  6  7  8 |
---------------+-------------------------+-----
Poison Magic   | 1 2 |  2.0
Spellcasting   | 3 4 |  4.4
Transmutations | 3 4 |  4.4
Fighting       | 1 2 |  2.9
Unarmed Combat | 4 5 6 |  6.0
Ice Magic      | 1 2 |  2.8
Invocations    | 1 2 |  2.5
Dodging        | |  1.6

Action                   |  1- 3 |  4- 6 |  7- 9 || total
-------------------------+-------+-------+-------++-------
Melee: Unarmed           |    83 |   180 |   122 ||   385
       Bite              |    15 |    23 |    14 ||    52
       Kick              |     4 |     4 |     4 ||    12
       Headbutt          |     2 |     2 |       ||     4
       Punch             |       |     2 |     3 ||     5
 Cast: Beastly Appendage |    12 |     3 |     3 ||    18
       Spider Form       |       |     8 |     6 ||    14
       Ice Form          |       |       |     2 ||     2
 Abil: End Transformatio |       |     3 |     2 ||     5
  Use: Scroll            |     2 |     5 |     3 ||    10
       Potion            |       |       |     5 ||     5
 Stab: Sleeping          |     1 |     1 |       ||     2
  Eat: Chunk             |       |     6 |     3 ||     9
Armor: Robe              |    18 |    15 |    10 ||    43
       Skin              |       |     4 |    14 ||    18
Dodge: Dodged            |    37 |   124 |    88 ||   249
